 Dungeon Crawl Stone Soup version 0.32-a0-17-gb74e046682 (webtiles) character file.

Game seed: 1626590031480529658

4262 hikkokomori the Prestidigitator (level 10, -4/79 HPs)
             Began as a Gnoll Wanderer on Jan 15, 2024.
             Was an Initiate of Gozag.
             Slain by an elephant (15 damage)
             ... on level 8 of the Dungeon.
             The game lasted 00:14:15 (7610 turns).

hikkokomori the Prestidigitator (Gnoll Wanderer)    Turns: 7610, Time: 00:14:16

Health: -4/79      AC:  5    Str: 10    XL:     10   Next: 31%
Magic:  19/19      EV: 19    Int: 17    God:    Gozag
Gold:   350        SH:  6    Dex: 14    Spells: 14/21 levels left

rFire   . . .        H - +4 trident "Grom" {freeze, ^Fragile Will++}
rCold   . . .        b - +0 buckler
rNeg    . . .        d - +0 robe
rPois   .            (no helmet)
rElec   .            (no cloak)
rCorr   .            j - +1 pair of gloves
SInv    .            i - +0 pair of boots
Will    ++...        (no amulet)
Stlth   ++++         t - +5 ring of evasion
HPRegen 0.33/turn    (no ring)
MPRegen 0.16/turn

%: no passive effects
@: no status effects
A: fangs 1, strong nose, distributed training, talons 1, thin skeletal structure
1
a: Renounce Religion, Potion Petition, Call Merchant, Bribe Branch


You were on level 8 of the Dungeon.
You worshipped Gozag.
Gozag was aware of your devotion.
You visited 2 branches of the dungeon, and saw 9 of its levels.

You collected 483 gold pieces.
You paid 133 gold pieces to Gozag.

Inventory:

Hand Weapons
 a - a +0 dagger
 m - a +1 dagger of venom
 w - a +0 sling of freezing
 z - a +2 whip of flaming
 C - a +1 falchion
 H - the +4 trident "Grom" (weapon) {freeze, ^Fragile Will++}
   (You took it off an orc on level 6 of the Dungeon)

   Will++:    It greatly increases your willpower.
   ^Fragile:  It will be destroyed if unequipped.
Missiles
 l - 3 boomerangs
 G - a throwing net
Armour
 b - a +0 buckler (worn)
 d - a +0 robe (worn)
 i - a +0 pair of boots (worn)
 j - a +1 pair of gloves (worn)
Jewellery
 t - a +5 ring of evasion (left hand)
 F - a ring of protection from cold
 I - a ring of willpower
Wands
 o - a wand of iceblast (3)
 y - a wand of paralysis (5)
 A - a wand of flame (46) (quivered)
Scrolls
 c - a scroll of silence
 k - 3 scrolls of blinking
 n - 2 scrolls of fog
 p - a scroll of enchant weapon
 x - a scroll of amnesia
 J - a scroll of vulnerability
Potions
 f - a potion of invisibility
 g - 2 potions of curing
 h - a potion of berserk rage {unknown}
 q - a potion of ambrosia
 r - 3 potions of brilliance
 s - a potion of enlightenment {unknown}
 u - 2 potions of magic {unknown}
 v - a potion of mutation
 B - 2 potions of lignification {unknown}
 D - a potion of heal wounds
 E - a potion of haste {unknown}
Miscellaneous
 e - a box of beasts (inert)


   Skills:
 + Level 7.1 Fighting
 + Level 5.3 Short Blades
 + Level 5.3 Long Blades
 + Level 5.3 Axes
 + Level 5.3 Maces & Flails
 + Level 5.3 Polearms
 + Level 5.3 Staves
 + Level 5.3 Ranged Weapons
 + Level 5.3 Throwing
 + Level 5.3 Armour
 + Level 6.0 Dodging
 + Level 5.3 Stealth
 + Level 7.1 Shields
 + Level 5.3 Unarmed Combat
 + Level 6.1 Spellcasting
 + Level 4.4 Conjurations
 + Level 4.4 Hexes
 + Level 4.4 Summonings
 + Level 4.4 Necromancy
 + Level 4.4 Translocations
 + Level 5.0 Fire Magic
 + Level 4.4 Ice Magic
 + Level 4.4 Air Magic
 + Level 4.4 Earth Magic
 + Level 4.4 Alchemy
 + Level 5.9 Invocations
 + Level 8.5 Evocations
 + Level 4.9 Shapeshifting


You had 14 spell levels left.
You knew the following spells:

 Your Spells              Type           Power      Damage    Failure   Level
a - Foxfire               Conj/Fire      84%        2x1d8     2%          1
b - Fugue of the Fallen   Necr           20%        N/A       9%          3
c - Ozocubu's Armour      Ice            20%        N/A       9%          3

Your spell library contained the following spells:

 Spells                   Type           Power      Damage    Failure   Level
 Sandblast                Erth           40%        2d10      2%          1
 Inner Flame              Hex/Fire       21%        N/A       8%          3
 Hailstorm                Conj/Ice       20%        3d7       9%          3
 Passwall                 Erth           20%        N/A       9%          3
 Stone Arrow              Conj/Erth      40%        3d9       9%          3
 Summon Ice Beast         Ice/Summ       20%        N/A       9%          3
 Anguish                  Hex/Necr       10%        N/A       28%         4
 Brom's Barrelling Bould  Conj/Erth      20%        2d4       28%         4
 Cause Fear               Hex            10%        N/A       28%         4
 Manifold Assault         Tloc           20%        N/A       28%         4
 Sculpt Simulacrum        Ice/Alch       10%        N/A       99%         6
 Enfeeble                 Hex            10%        N/A       100%        7


Dungeon Overview and Level Annotations

Branches:
Dungeon (8/15)             Temple (1/1) D:5
   Lair: D:8-11

Altars:
Ashenzari
Cheibriados
Dithmenos
Elyvilon
Fedhas
Gozag
Hepliaklqana
Makhleb
Nemelex Xobeh
Okawaru
Qazlal
Ru
Sif Muna
Trog
Uskayaw
Vehumet
Wu Jian
Yredelemnul
Zin
The Shining One

Shops:
D:1 *

Annotations:
D:3 1 runed translucent door
D:7 2 transporters, tmcgee265's ghost, novice MfFi


Innate Abilities, Weirdness & Mutations

You have very sharp teeth.
Your uncanny sense of smell can sniff out nearby items.
Your experience applies equally to all skills.
You have sharp toenails.
You have a somewhat thin skeletal structure. (Dex +2, Stealth+)


Message History

The elephant is moderately wounded.
The elephant tramples you!
You stumble backwards!
You hit the elephant but do no damage.
The elephant is moderately wounded.
You block the elephant's attack. The elephant completely misses you.
You puncture the elephant! You freeze the elephant.
The elephant is heavily wounded.
The elephant closely misses you.
The elephant trunk-slaps you but does no damage.
You hit the elephant. You freeze the elephant.
You bite the elephant, but do no damage.
The elephant is heavily wounded.
The elephant tramples you!
You stumble backwards!
You are too injured to fight recklessly!
You are too injured to fight recklessly!
You are too injured to fight recklessly!
You are too injured to fight recklessly!
Aiming: Paralyse
Press: ? - help, Shift-Dir - straight line, f/p - elephant
Aim: an elephant (heavily wounded, chance to affect: 34%)
Okay, then.
You hit the elephant. You freeze the elephant.
The elephant is heavily wounded.
You block the elephant's attack. The elephant misses you.
You hit the elephant but do no damage.
The elephant is heavily wounded.
The elephant tramples you.
* * * LOW HITPOINT WARNING * * *
You stumble backwards!
You hit the elephant. You freeze the elephant.
You bite the elephant, but do no damage.
The elephant is severely wounded.
The elephant tramples you!
* * * LOW HITPOINT WARNING * * *
You stumble backwards!
It was a potion of mutation.
You feel extremely strange.
Your bones become slightly less dense.
Your toenails lengthen and sharpen.
The elephant tramples you!
You die...
Your body crumbles into a pile of gold.

######
##.... #
#....#
####.#....#
#.........#
#@# #Y# #.#
#.# #.# #.#
#.. #.#
##.####
#...# #.#
#.....#
#...#####.#
#.....#
#...#.....#
#.....#


You could see an elephant.

Vanquished Creatures
  Pikel (D:4)
  Joseph (D:7)
  Eustachio (D:6)
  Menkaure (D:7)
  An acid dragon (D:8)
  A water moccasin (D:6)
  Duvessa (D:6)
  2 orc warriors
  2 black bears
  A sky beast (D:7)
  3 ogres
  A centaur (D:7)
  A phantom (D:5)
  A kobold brigand (D:7)
  3 bullfrogs (D:7)
  4 scorpions
  8 wights
  A howler monkey (D:5)
  A bombardier beetle (D:5)
  4 hounds
  2 jellies
  5 iguanas
  3 sleepcaps
  3 orc wizards (D:7)
  A river rat (D:3)
  8 adders
  2 dart slugs
  2 ribbon worms (D:3)
  9 orcs
  3 bats
  6 endoplasms
  3 giant cockroaches
  7 goblins
  7 hobgoblins
  2 quokkas (D:2)
  7 ball pythons
  2 frilled lizards
  10 kobolds
  8 rats
129 creatures vanquished.

Vanquished Creatures (collateral kills)
  A lemure (D:4)
  The ghost of bmb222 the Insei, an amateur OpSh (D:3)
  Blork the orc (D:6)
  3 wights (D:7)
  Dowan (D:6)
  A sleepcap (D:4)
  An iguana (D:7)
  A river rat (D:3)
  A shadow imp (D:7)
  A giant cockroach (D:3)
12 creatures vanquished.

Vanquished Creatures (others)
  36 foxfires
36 creatures vanquished.

Grand Total: 177 creatures vanquished

Notes
Turn   | Place    | Note
-------+----------+-------------------------------------------
     0 | D:1      | hikkokomori the Gnoll Wanderer began the quest for the Orb.
     0 | D:1      | hikkokomori set off with the following items: a +0 dagger,
                  | a +0 buckler, a scroll of silence, a +0 robe, a box of
                  | beasts; and the following spell memorised: Foxfire; and the
                  | following spells available to memorise: Inner Flame.
     0 | D:1      | Reached XP level 1. HP: 20/20 MP: 4/4
   240 | D:1      | Found Lustridao's Assorted Antiques.
   265 | D:1      | Reached XP level 2. HP: 26/26 MP: 1/5
   829 | D:2      | Reached XP level 3. HP: 26/31 MP: 0/7
   973 | D:2      | Reached skill level 1 in Invocations
  1131 | D:2      | Reached skill level 1 in Short Blades
  1131 | D:2      | Reached skill level 1 in Long Blades
  1131 | D:2      | Reached skill level 1 in Axes
  1131 | D:2      | Reached skill level 1 in Maces & Flails
  1131 | D:2      | Reached skill level 1 in Polearms
  1131 | D:2      | Reached skill level 1 in Staves
  1131 | D:2      | Reached skill level 1 in Ranged Weapons
  1131 | D:2      | Reached skill level 1 in Throwing
  1131 | D:2      | Reached skill level 1 in Armour
  1131 | D:2      | Reached skill level 1 in Stealth
  1131 | D:2      | Reached skill level 1 in Unarmed Combat
  1265 | D:2      | Noticed a scorpion
  1272 | D:2      | Killed a scorpion
  1273 | D:2      | Reached skill level 1 in Conjurations
  1273 | D:2      | Reached skill level 1 in Hexes
  1273 | D:2      | Reached skill level 1 in Summonings
  1273 | D:2      | Reached skill level 1 in Necromancy
  1273 | D:2      | Reached skill level 1 in Translocations
  1273 | D:2      | Reached skill level 1 in Ice Magic
  1273 | D:2      | Reached skill level 1 in Air Magic
  1273 | D:2      | Reached skill level 1 in Earth Magic
  1273 | D:2      | Reached skill level 1 in Alchemy
  1273 | D:2      | Reached skill level 1 in Shapeshifting
  1273 | D:2      | Reached XP level 4. HP: 32/38 MP: 8/8
  1541 | D:3      | Reached XP level 5. HP: 43/43 MP: 9/9
  1668 | D:3      | Found a faded altar of an unknown god.
  1776 | D:3      | Found a runed translucent door.
  1781 | D:3      | Noticed bmb222's ghost (amateur OpSh)
  1807 | D:3      | Killed bmb222's ghost
  1813 | D:3      | Reached XP level 6. HP: 21/50 MP: 9/11
  1824 | D:3      | HP: 2/50 [river rat (8)]
  2114 | D:3      | Found a runed translucent door.
  2346 | D:3      | Found a stormy altar of Qazlal.
  2347 | D:3      | Found an ornate altar of the Wu Jian Council.
  2355 | D:3      | Found a white marble altar of Elyvilon.
  2404 | D:3      | Reached skill level 5 in Fighting
  2404 | D:3      | Reached skill level 5 in Shields
  2605 | D:4      | Noticed a black bear
  2609 | D:4      | Killed a black bear
  2623 | D:4      | Learned a level 3 spell: Fugue of the Fallen
  2768 | D:4      | Reached skill level 7 in Evocations
  2768 | D:4      | Reached XP level 7. HP: 56/56 MP: 12/12
  3367 | D:5      | Entered Level 5 of the Dungeon
  3388 | D:5      | Noticed Pikel
  3682 | D:4      | Killed Pikel
  3683 | D:4      | Reached XP level 8. HP: 40/64 MP: 12/14
  3860 | D:6      | HP: 3/60 [wight/+0 flail (6)]
  4037 | D:6      | Noticed Eustachio
  4058 | D:6      | Killed Eustachio
  4294 | D:6      | You fall into a shaft and drop 1 floor!
  4423 | D:7      | Reached XP level 9. HP: 65/69 MP: 16/16
  4644 | D:7      | Reached skill level 5 in Spellcasting
  4756 | D:7      | Noticed a two-headed ogre
  4799 | D:7      | Reached skill level 5 in Dodging
  4801 | D:7      | Found a shimmering blue altar of Sif Muna.
  4870 | D:7      | Noticed tmcgee265's ghost (novice MfFi)
  4886 | D:7      | Found a transporter.
  4917 | D:7      | Reached skill level 8 in Evocations
  5044 | D:7      | Noticed Joseph
  5072 | D:7      | Reached skill level 5 in Invocations
  5073 | D:7      | Killed Joseph
  5296 | D:7      | Noticed Menkaure
  5301 | D:7      | Killed Menkaure
  5371 | D:7      | Found a transporter.
  5713 | D:6      | Identified the +4 trident "Grom" {freeze, ^Fragile Will++}
  5714 | D:6      | Noticed Duvessa
  5716 | D:6      | Noticed Blork the orc
  5727 | D:6      | Noticed Dowan
  5731 | D:6      | Killed Duvessa
  5743 | D:6      | Killed Blork the orc
  5748 | D:6      | Killed Dowan
  6143 | D:6      | Reached skill level 5 in Short Blades
  6143 | D:6      | Reached skill level 5 in Long Blades
  6143 | D:6      | Reached skill level 5 in Axes
  6143 | D:6      | Reached skill level 5 in Maces & Flails
  6143 | D:6      | Reached skill level 5 in Polearms
  6143 | D:6      | Reached skill level 5 in Staves
  6143 | D:6      | Reached skill level 5 in Ranged Weapons
  6143 | D:6      | Reached skill level 5 in Throwing
  6143 | D:6      | Reached skill level 5 in Armour
  6143 | D:6      | Reached skill level 5 in Stealth
  6143 | D:6      | Reached skill level 5 in Unarmed Combat
  6143 | D:6      | Reached XP level 10. HP: 77/77 MP: 18/18
  6363 | D:6      | Found a hazy altar of Hepliaklqana.
  6960 | D:5      | Found a staircase to the Ecumenical Temple.
  6970 | Temple   | Entered the Ecumenical Temple
  6975 | Temple   | Learned a level 3 spell: Ozocubu's Armour
  6999 | Temple   | Became a worshipper of Gozag Ym Sagoz the Greedy
  7565 | D:8      | Reached skill level 5 in Fire Magic
  7592 | D:8      | Noticed an elephant
  7610 | D:8      | Gained mutation: You have a somewhat thin skeletal
                  | structure. (Dex +2, Stealth+) [potion of mutation]
  7610 | D:8      | Gained mutation: You have sharp toenails. [potion of
                  | mutation]
  7610 | D:8      | Slain by an elephant

Illustrated notes

Levels and vault maps discovered:
D:1:      wander_arrival_desolate, layout_basic, serial_shops,
          nicolae_shop_getting_attention
D:2:      layout_basic
D:3:      layout_basic, gammafunk_temple_overflow_forgotten,
          ebering_ecumenical_altar_sacrificial, ebering_ghost_sewer_f
D:4:      layout_loops_ring, nicolae_overflow_hidden_temple
D:5:      layout_basic, minmay_temple_entry_mini_moons, uniq_pikel
D:6:      layout_loops_ring, nzn_hepliaklqana_mist_gate, uniq_duvessa,
          uniq_eustachio, uniq_blork_the_orc
D:7:      layout_loops_cross, kennysheep_orc_sif_temple, gammafunk_ghost_arena,
          nicolae_sextant, uniq_menkaure, uniq_joseph
D:8:      layout_basic, david_lair_generic, nzn_life_drinkers
Temple:   minmay_freezing_vapour_temple

Skill      XL: |  1  2  3  4  5  6  7  8  9 10 |
---------------+-------------------------------+-----
Fire Magic     | 2 3 4 5 |  5.0
Invocations    | 1 2 3 4 5 |  5.9
Short Blades   | 1 2 3 5 |  5.3
Long Blades    | 1 2 3 5 |  5.3
Axes           | 1 2 3 5 |  5.3
Maces & Flails | 1 2 3 5 |  5.3
Polearms       | 1 2 3 5 |  5.3
Staves         | 1 2 3 5 |  5.3
Ranged Weapons | 1 2 3 5 |  5.3
Throwing       | 1 2 3 5 |  5.3
Armour         | 1 2 3 5 |  5.3
Stealth        | 1 2 3 5 |  5.3
Unarmed Combat | 1 2 3 5 |  5.3
Spellcasting   | 3 4 5 6 |  6.1
Conjurations   | 1 2 3 4 |  4.4
Hexes          | 1 2 3 4 |  4.4
Summonings     | 1 2 3 4 |  4.4
Necromancy     | 1 2 3 4 |  4.4
Translocations | 1 2 3 4 |  4.4
Ice Magic      | 1 2 3 4 |  4.4
Air Magic      | 1 2 3 4 |  4.4
Earth Magic    | 1 2 3 4 |  4.4
Alchemy        | 1 2 3 4 |  4.4
Shapeshifting  | 1 2 3 4 |  4.9
Dodging        | 3 4 5 6 |  6.0
Fighting       | 5 6 7 |  7.1
Shields        | 5 6 7 |  7.1
Evocations     | 7 8 |  8.5

Action                     |  1- 3 |  4- 6 |  7- 9 | 10-12 || total
---------------------------+-------+-------+-------+-------++-------
  Melee: Dagger            |    98 |   118 |   252 |       ||   468
         Bite              |     6 |    13 |    28 |    18 ||    65
         Whip              |       |       |    16 |       ||    16
         Falchion          |       |       |     1 |       ||     1
         Trident           |       |       |     4 |   108 ||   112
   Fire: Sling             |       |       |     6 |       ||     6
  Throw: Boomerang         |       |       |     3 |       ||     3
   Cast: Foxfire           |    21 |     2 |     4 |       ||    27
  Evoke: Box of beasts     |       |     1 |     3 |       ||     4
         Wand              |       |       |     7 |     8 ||    15
    Use: Scroll            |       |     8 |     4 |     3 ||    15
         Potion            |       |       |     2 |     1 ||     3
   Stab: Sleeping          |       |     5 |     7 |     5 ||    17
         Distracted        |       |       |     2 |       ||     2
         Paralysed         |       |       |     1 |       ||     1
 Armour: Robe              |    46 |    46 |   107 |    44 ||   243
  Dodge: Dodged            |    59 |    53 |   200 |    42 ||   354
  Block: Buckler           |    24 |    14 |    52 |    21 ||   111

Table legend: (Time is in decaauts)
 A = Elapsed time spent in this place.
 B = Non-inter-level travel time spent in this place.
 C = Inter-level travel time spent in this place.
 D = Time resting spent in this place.
 E = Time spent auto-exploring this place.
 F = Levels seen in this place.
 G = Mean time per level.
                   A        B        C        D        E       F      G
               +--------+--------+--------+--------+--------+-----+--------+
         Total |   7590 |   7317 |    273 |    669 |   5267 |   9 |  843.3 |
       Dungeon |   7555 |   7282 |    273 |    669 |   5267 |   8 |  944.4 |
        Temple |     34 |     34 |      0 |      0 |      0 |   1 |   34.0 |
               +--------+--------+--------+--------+--------+-----+--------+

Top non-repeatable levels by time:
     D:6: 1509 daAuts
     D:7: 1400 daAuts
     D:3: 1157 daAuts
     D:4: 1127 daAuts
     D:1: 794 daAuts
     D:5: 693 daAuts
     D:2: 655 daAuts
     D:8: 218 daAuts
  Temple: 34 daAuts
